 Dungeon Crawl Stone Soup version 0.18.1-6-gd335043 (webtiles) character file.

84 NoLuckNoSkill the Magician (level 4, -4/24 HPs)
             Began as a Deep Elf Air Elementalist on May 15, 2016.
             Slain by Purgy (5 damage)
             ... on level 3 of the Dungeon.
             The game lasted 00:05:26 (1621 turns).

NoLuckNoSkill the Magician (DEAE)                   Turns: 1621, Time: 00:05:28

Health: -4/24      AC:  2    Str:  5    XL:     4   Next: 24%
Magic:  2/12       EV: 13    Int: 21    God:
Gold:   111        SH:  0    Dex: 15    Spells: 2 memorised, 8 levels left

rFire  . . .     SeeInvis .     (no weapon)
rCold  . . .     Gourm    .     a - +0 robe
rNeg   . . .     Faith    .     (no shield)
rPois  .         Spirit   .     (no helmet)
rElec  .         Dismiss  .     (no cloak)
rCorr  .         Reflect  .     (no gloves)
SustAt .         Harm     .     (no boots)
MR     .....                    (no amulet)
Stlth  ++........               (no ring)
                                (no ring)

@: not resistant to hostile enchantments, unstealthy
A: no striking features
a: no special abilities


You were on level 3 of the Dungeon.
You were not hungry.

You visited 1 branch of the dungeon, and saw 3 of its levels.

You collected 111 gold pieces.

Inventory:

Armour
 a - a +0 robe (worn)
Jewellery
 g - an uncursed amulet of rage
Scrolls
 d - 4 scrolls of amnesia {unknown}
 e - 3 scrolls of identify {unknown}
 i - 2 scrolls of recharging {unknown}
 l - a scroll of blinking {unknown}
 n - 2 scrolls of noise {unknown}
Potions
 j - a potion of berserk rage {unknown}
 k - a potion of curing {unknown}
Books
 b - a book of Air

   Spells                             Type                      Level
   a - Shock                          Conjuration/Air              1
   b - Swiftness                      Charms/Air                   2
   c - Repel Missiles                 Charms/Air                   2
   d - Static Discharge               Conjuration/Air              3
   e - Lightning Bolt                 Conjuration/Air              5
Comestibles
 c - a bread ration
 f - 2 meat rations
 h - a beef jerky
 m - a chunk of flesh


   Skills:
 - Level 2.4 Dodging
 - Level 2.4 Stealth
 * Level 4.6 Spellcasting
 + Level 2.6 Conjurations
 + Level 3.5 Air Magic


You had 8 spell levels left.
You knew the following spells:

 Your Spells              Type           Power        Failure   Level  Hunger
a - Shock                 Conj/Air       ###.         3%          1    None
b - Static Discharge      Conj/Air       ###.....     12%         3    ##.....


Dungeon Overview and Level Annotations

Branches:
Dungeon (3/15)

Altars:
Qazlal
Xom

Annotations:
D:3 Purgy


Message History

Unknown command.
Casting: Shock
Confirm with . or Enter, or press ? or * to list all spells.
Aiming: Shock
Press: ? - help, Shift-Dir - straight line, f/p - Purgy
Aim: Purgy (heavily wounded)
The zap misses Purgy.
Purgy bites you!
* * * LOW HITPOINT WARNING * * *
Purgy barely misses you. Purgy claws you.
* * * LOW HITPOINT WARNING * * *
Unknown command.
Casting: Shock
Confirm with . or Enter, or press ? or * to list all spells.
Aiming: Shock
Press: ? - help, Shift-Dir - straight line, f/p - Purgy
Aim: Purgy (moderately wounded)
The zap hits Purgy.
Purgy is heavily wounded.
Purgy bites you.
You die...

##.####.###########
##.#######
#........#
########.# #.# #.#
#.# #.# #@# #T# #.#
#.# #†# #T.†.....#
###.....r..
.......## ######.#


You could see Purgy.

Vanquished Creatures
  Ijyb (D:2)
  An adder (D:2)
  2 worms (D:2)
  4 dart slugs
  2 giant geckos
  A ball python (D:1)
  2 bats
  4 giant cockroaches
  A hobgoblin (D:1)
  7 kobolds
  7 goblins
  7 rats
39 creatures vanquished.

Notes
Turn   | Place    | Note
--------------------------------------------------------------
     0 | D:1      | NoLuckNoSkill the Deep Elf Air Elementalist began the quest for the Orb.
     0 | D:1      | Reached XP level 1. HP: 10/10 MP: 6/6
   227 | D:1      | Reached XP level 2. HP: 8/15 MP: 4/8
   327 | D:1      | Found a shimmering altar of Xom.
   686 | D:2      | Reached skill level 4 in Spellcasting
   719 | D:2      | Reached XP level 3. HP: 19/19 MP: 3/10
   729 | D:2      | Found a stormy altar of Qazlal.
   746 | D:2      | Noticed Ijyb
   846 | D:2      | Killed Ijyb
  1038 | D:2      | Learned a level 3 spell: Static Discharge
  1235 | D:2      | Reached XP level 4. HP: 24/24 MP: 8/12
  1608 | D:3      | Noticed Purgy
  1620 | D:3      | HP: 1/24 [Purgy (4)]
  1621 | D:3      | Slain by Purgy

Skill      XL: |  1  2  3 |
---------------+----------+-----
Spellcasting   | 4 |  4.6
Conjurations   | 2 |  2.6
Dodging        | |  2.4
Stealth        | |  2.4
Air Magic      | |  3.5

Action                   |  1- 3 |  4- 6 || total
-------------------------+-------+-------++-------
Melee: Unarmed           |     6 |       ||     6
 Cast: Shock             |    67 |    23 ||    90
  Eat: Chunk             |     1 |     1 ||     2
Armor: Robe              |     1 |     1 ||     2
Dodge: Dodged            |    30 |     4 ||    34
